 Dungeon Crawl Stone Soup version 0.22-a0-254-gaf95ca0 (webtiles) character file.

124642 mhoghedin the Fighter (level 17, -2/126 HPs)
             Began as a Halfling Fighter on Mar 4, 2018.
             Was the Champion of Wu Jian.
             Slain by a redback (8 damage)
             ... while paralysed by a hornet
             ... on level 3 of the Spider Nest.
             The game lasted 01:20:53 (30360 turns).

mhoghedin the Fighter (Halfling Fighter)           Turns: 30360, Time: 01:20:53

Health: -2/126     AC: 17    Str: 27    XL:     17   Next: 48%
Magic:  0/24       EV:  3    Int:  6    God:    Wu Jian [******]
Gold:   1298       SH:  0    Dex: 16    Spells: 16/16 levels left

rFire    x . .     SeeInvis +   a - +9 scimitar of the Ring {slice, rPois rF- rC+ SInv}
rCold    + + .     Gourm    .   c - +5 shield
rNeg     . . .     Faith    .   T - +2 robe of Vines {NoPotionHeal Regen+7}
rPois    +         Spirit   +   Y - +2 helmet of Insurance {rC+}
rElec    +         Reflect  .   k - +1 cloak
rCorr    .         Harm     .   x - +1 pair of gloves of Usoenusi {+Blink rPois}
MR       ++...                  s - +2 pair of boots {run}
Stlth    ..........             I - amulet of guardian spirit {Spirit}
HPRegen  3.11/turn              t - +5 ring of strength
MPRegen  0.19/turn              W - ring of Knowledge {Wiz rElec}

@: paralysed, lethally poisoned (-2 -> -2), silence, held, studying Fighting,
quick
A: small, magic resistance 1, mutation resistance 1
a: Wall Jump, Renounce Religion, Evoke Blink


You were on level 3 of the Spider Nest.
You worshipped Wu Jian.
Wu Jian was exalted by your worship.
You were not hungry.

You visited 3 branches of the dungeon, and saw 25 of its levels.
You also visited: Trove and Bailey.

You collected 2201 gold pieces.
You spent 903 gold pieces at shops.

Inventory:

Hand Weapons
 a - the +9 scimitar of the Ring (weapon) {slice, rPois rF- rC+ SInv}
   (You took it off an orc on level 12 of the Dungeon)

   It inflicts extra damage upon your enemies.
   It makes you vulnerable to fire.
   It protects you from cold.
   It protects you from poison.
   It lets you see invisible.
 b - the +6 fustibalus of Peril {freeze, rF+ Int+2 Dex+2 Stlth-}
   (You found it on level 6 of the Lair of Beasts)

   It causes projectiles fired from it to freeze those they strike, causing
   extra injury to most foes and up to half again as much damage against
   particularly susceptible opponents.
   They can also slow down cold-blooded creatures.
   It affects your intelligence (+2).
   It affects your dexterity (+2).
   It protects you from fire.
   It makes you less stealthy.
 Q - a +4 scimitar of flaming
   (You took it off Erica on level 8 of the Dungeon)
 S - the +1 rapier "Midif" {holy, +Rage Dex-4 Stlth+}
   (You found it on level 1 of the Spider Nest)

   It has been blessed by the Shining One to cause great damage to the undead
   and demons.
   It affects your dexterity (-4).
   It lets you go berserk.
   It makes you more stealthy.
Missiles
 D - 3 throwing nets {=f, !d}
 O - 135 sling bullets
Armour
 c - a +5 shield (worn)
 k - a +1 cloak (worn)
   (You took it off Crazy Yiuf on level 4 of the Dungeon)
 q - the +1 chain mail of Zoegod {-Cast rF++ Dex+7}
   (You bought it in a shop on level 5 of the Dungeon)

   It affects your dexterity (+7).
   It greatly protects you from fire.
   It prevents spellcasting.
 s - a +2 pair of boots of running (worn)
   (You found it on level 7 of the Dungeon)
 x - the +1 pair of gloves of Usoenusi (worn) {+Blink rPois}
   (You found it on level 6 of the Lair of Beasts)

   It protects you from poison.
   It lets you blink.
 T - the +2 robe of Vines (worn) {NoPotionHeal Regen+7}
   (You found it on level 3 of the Spider Nest)

   It increases your rate of regeneration.
 Y - the +2 helmet of Insurance (worn) {rC+}
   (You found it in a treasure trove)

   It protects you from cold.
Magical Staves
 U - an uncursed staff of poison {rPois}
   (You took it off an entropy weaver on level 3 of the Spider Nest)
Jewellery
 t - a +5 ring of strength (left hand)
   (You found it on level 5 of the Dungeon)
 w - a cursed amulet of inaccuracy {unknown}
   (You found it on level 1 of the Spider Nest)
 I - an amulet of guardian spirit (around neck) {Spirit}
   (You found it on level 4 of the Lair of Beasts)
 P - a +3 ring of evasion
   (You found it on level 11 of the Dungeon)
 V - an uncursed ring of flight {+Fly, !d}
   (You found it in a treasure trove)
 W - the ring of Knowledge (right hand) {Wiz rElec}
   (You found it in a treasure trove)

   [ring of wizardry]

   It improves your spell success rate.
   It insulates you from electricity.
Wands
 h - a wand of digging (21)
   (You found it in a treasure trove)
 m - a wand of polymorph (49)
   (You took it off Crazy Yiuf on level 4 of the Dungeon)
 v - a wand of disintegration (28)
   (You found it on level 9 of the Dungeon)
 y - a wand of paralysis (16)
   (You found it on level 2 of the Lair of Beasts)
 A - a wand of acid (21)
   (You found it on level 2 of the Lair of Beasts)
Scrolls
 e - 9 scrolls of remove curse
 j - a scroll of magic mapping {!r}
 n - 3 scrolls of blinking {!r}
 p - a scroll of teleportation
 r - 5 scrolls of fog
 u - a scroll of immolation {!r}
 z - 5 scrolls of amnesia
 H - a scroll of holy word {!r}
 J - 4 scrolls of enchant weapon
 N - a scroll of fear
 R - 5 scrolls of identify
Potions
 d - 3 potions of magic
 g - 2 potions of haste
 i - 6 potions of curing
 o - a potion of mutation {!q}
 C - 3 potions of brilliance
 E - a potion of flight
 G - a potion of ambrosia
 K - a potion of might
 L - 2 potions of cancellation
Books
 B - a manual of Fighting {!d}
   (You found it in a bailey)
Miscellaneous
 l - a lightning rod (4/4)
   (You bought it in a shop on level 5 of the Dungeon)
Comestibles
 f - 36 rations


   Skills:
 + Level 14.4 Fighting
 - Level 9.0(12.9) Short Blades
 + Level 12.7(13.4) Long Blades
 + Level 11.3 Slings
 - Level 11.6 Armour
 - Level 13.4 Dodging
 - Level 11.6 Shields
 - Level 10.6 Evocations


You had 16 spell levels left.
You didn't know any spells.

Dungeon Overview and Level Annotations

Branches:
Dungeon (15/15)            Temple (0/1) D:5            Lair (6/6) D:8
 Shoals (0/4) Lair:3       Spider (4/4) Lair:3        Slime (0/5) Lair:6
    Orc (0/2) D:10         Vaults (0/5) D:13
 Depths: D:15

Altars:
Cheibriados
Elyvilon
Gozag
Hepliaklqana
Kikubaaqudgha
Nemelex Xobeh
Okawaru
Qazlal
Ru
Sif Muna
Trog
Uskayaw
Wu Jian
Yredelemnul
Zin
Jiyva

Shops:
D:5 [}[   D:14 ?

Annotations:
Spider:3 Arachne


Innate Abilities, Weirdness & Mutations

You are small and have problems with some larger weapons.
You are somewhat resistant to further mutation.
You are resistant to hostile enchantments. (MR+)


Message History

The redback barely misses you. Arachne hits you but does no damage.
You block the redback's attack. The hornet completely misses you.
A redback comes into view.
You now have 7/24 mp.
You closely miss the redback.
You feel sick.
Arachne hits you with a staff of poison!
You block the jumping spider's attack. The jumping spider barely misses you.
You block the redback's attack. x2; The redback completely misses you.
You block the hornet's attack. Arachne closely misses you.
The jumping spider pounces on you but does no damage.
The jumping spider bites you.
You hear an angry hiss.
You take 12 damage, and have 88/126 hp.
You now have 6/24 mp.
You slice the redback!!
You kill the redback!
The Council accepts your kill.
You feel sick. The redback barely misses you.
You riposte.
You hit the redback. The redback misses you.
You riposte.
You slash the redback!
Arachne's staff shoots out a stream of webbing.
The stream of webbing misses you. You block the hornet's attack.
The jumping spider barely misses you. The jumping spider misses you.
The ghost moth stares at you.
You feel your power leaking away.
A tarantella comes into view.
You now have 0/24 mp.
Unknown command.
Unknown command.
You feel very sick. Arachne closely misses you. The redback barely misses you.
You block the redback's attack.
Arachne hits you with a staff of poison!
The hornet closely misses you. The redback completely misses you.
The ghost moth stares at you.
You feel your power leaking away.
You climb upwards.
You feel very sick.
There is a stone staircase leading down here.
Unknown command.
You take 7 damage, and have 81/126 hp.
You spin and attack the redback.
You hit the redback.
You spin and attack the redback.
You slash the redback!
You feel sick.
Arachne says, "You'll find yourself a bit attached to my weave."
The redback completely misses you.
You riposte.
You hit the redback.
You kill the redback!
The Council accepts your kill.
Arachne says, "Come closer, little fly."
Arachne mumbles some strange words.
Arachne blinks!
You block the redback's attack.
The jumping spider completely misses you.
The jumping spider closely misses you.
You spin and attack the redback.
You hit the redback.
You feel sick.
Arachne mumbles some strange words.
Arachne blinks!
The redback closely misses you.
The jumping spider leaps!
You spin and attack the redback.
You miss the redback.
You feel sick. You block the redback's attack. x2
Arachne stares at you and mumbles some strange words.
The poison arrow misses you.
You closely miss the redback.
You feel sick.
Arachne says, "Come closer, little fly."
Arachne's staff shoots out a stream of webbing.
The stream of webbing misses you. You block the redback's attack.
You barely miss the redback.
You feel sick.
Arachne points her staff at you, shooting a stream of webbing.
The stream of webbing hits you!
You are caught in a web!
The redback closely misses you.
Arachne hits you with a staff of poison!!
You take 17 damage, and have 68/126 hp.
Unknown command.
Unknown command.
Aim: Arachne, wielding a staff of poison (fast, clinging, chance to defeat MR: 38%) Arachne resists with some effort.
You feel sick.
Arachne's staff shoots out a stream of webbing.
The stream of webbing hits you!
You are even more entangled.
The jumping spider leaps!
The redback misses you. The hornet closely misses you.
Arachne says, "Come closer, little fly."
Arachne hits you with a staff of poison!!
You are more poisoned.
You take 25 damage, and have 43/126 hp.
As you read the scroll of silence, it crumbles to dust.
A profound silence engulfs you.
You feel sick.
Arachne hits you with a staff of poison!
* * * LOW HITPOINT WARNING * * *
The hornet closely misses you.
The redback bites you but does no damage.
Arachne hits you with a staff of poison!
* * * LOW HITPOINT WARNING * * *
You take 23 damage, and have 20/126 hp.
Magic courses through your body.
You feel sick.
Arachne hits you with a staff of poison!
* * * LOW HITPOINT WARNING * * *
The hornet stings you!
* * * LOW HITPOINT WARNING * * *
You suddenly lose the ability to move!
The jumping spider pounces on you!
* * * LOW HITPOINT WARNING * * *
The jumping spider bites you.
* * * LOW HITPOINT WARNING * * *
The redback bites you!
You die...

....#≈≈#...#.....................
......#^.^.#..##..........#.##.#.
..#...#≈...######........#####.##
^.≈...#.......##...#..^.^###..###
#≈##..#......^#.§.##....#.....^##
.######.......#....##...##..^...#
.# ##......<.##.....#^...#......#
.###........####sy..##..###....#.
.##............≈@s...#..#.....##.
.#.^...........#.H>..#.(.########
.#..#......#..##.#†.......####.#^
.#≈≈#...#..#≈#####.....[.........
..#.....#...≈≈####..............[
###..#..##..≈≈≈≈###.##.##########
##^.##...#...≈≈## ######
#..#≈...^#....## #^.#.....######


You could see Arachne, a hornet, a jumping spider and a redback.

Vanquished Creatures
  2 ghost moths (Spider:1)
  2 emperor scorpions
  6 entropy weavers
  A spark wasp (Spider:2)
  6 dire elephants (Lair:6)
  Josephine (Lair:5)
  Snorg (D:10)
  A great orb of eyes (D:9)
  A vault guard (D:13)
  Fannar (D:10)
  4 hydras
  A catoblepas (Lair:5)
  An anaconda (Lair:6)
  Erica (D:8)
  3 centaur warriors
  A queen ant (Spider:3)
  Urug (Lair:5)
  3 death yaks (Lair:6)
  4 two-headed ogres
  2 unseen horrors
  Pikel (D:8)
  3 wizards (D:13)
  13 orb spiders
  A deep elf mage (D:7)
  19 wolf spiders
  4 cyclopes
  6 ugly things
  5 manticores
  14 elephants
  A black mamba (Lair:6)
  3 merfolk sirens (Lair:3)
  7 spiny frogs
  A gargoyle (D:10)
  4 centaur skeletons
  7 komodo dragons
  An efreet (D:14)
  2 rime drakes
  2 kobold demonologists
  13 demonic crawlers
  5 trolls
  19 jumping spiders
  A wolf spider simulacrum (D:14)
  7 polar bears
  3 meliai (Spider:2)
  4 hornets
  The ghost of mhoghedin the Ducker, an amateur HaMo (D:4)
  10 blink frogs
  5 slime creatures (D:9)
  10 hippogriffs
  3 dream sheep (Lair:6)
  A snapping turtle (D:8)
  23 tarantellas
  A centaur simulacrum (D:14)
  62 redbacks
  A shadow (D:12)
  3 wyverns
  25 yaks
  2 vampires
  6 wraiths
  21 humans (D:13)
  A hungry ghost (D:14)
  Grum (D:8)
  9 vampire mosquitoes
  24 soldier ants
  10 water moccasins
  8 porcupines
  11 black bears
  17 orc warriors
  4 ice beasts
  2 slaves
  6 sky beasts
  A phantom (D:14)
  10 ogres
  An eye of draining (D:12)
  23 centaurs
  2 necrophages (D:14)
  16 wolves
  10 crocodiles
  6 big kobolds
  15 bullfrogs
  4 scorpions
  14 killer bees
  4 wights (D:12)
  2 howler monkeys
  2 electric eels
  4 crimson imps
  3 centaur zombies
  A bullfrog zombie (D:12)
  3 hounds
  Crazy Yiuf (D:4)
  10 orc priests
  2 bullfrog skeletons
  4 jellies
  27 orc wizards
  Jessica (D:3)
  5 iguanas
  Natasha (thrice) (D:3)
  28 worker ants
  2 hound zombies
  2 hound skeletons (D:5)
  Robin (D:4)
  3 gnolls (D:7)
  15 adders
  2 shadow imps
  6 oozes
  An adder skeleton (D:10)
  2 worms (D:2)
  A dart slug (D:1)
  5 leopard geckos
  62 orcs
  A ball python (D:4)
  A bat (D:2)
  5 giant cockroaches
  18 goblins
  8 hobgoblins
  4 jackals (D:3)
  3 quokkas
  5 frilled lizards
  47 kobolds
  A quokka skeleton (D:4)
  5 rats
  A fungus (Lair:6)
  11 plants
870 creatures vanquished.

Vanquished Creatures (others)
  A torpor snail (Spider:3)
  A jumping spider (Spider:3)
  A dream sheep (Lair:6)
  A hungry ghost (D:14)
  A soldier ant (Spider:3)
  A slave (D:8)
  An orc wizard (D:7)
  A gnoll (D:8)
  A howler monkey skeleton (D:8)
  2 bushes
  14 fungi
  13 plants
38 creatures vanquished.

Grand Total: 908 creatures vanquished

Notes
Turn   | Place    | Note
-------+----------+-------------------------------------------
     0 | D:1      | mhoghedin the Halfling Fighter began the quest for the Orb.
     0 | D:1      | Reached XP level 1. HP: 15/15 MP: 1/1
   177 | D:1      | Reached XP level 2. HP: 20/20 MP: 2/2
   707 | D:2      | Reached XP level 3. HP: 14/25 MP: 3/3
   953 | D:2      | Reached skill level 1 in Dodging
  1165 | D:2      | Reached skill level 3 in Fighting
  1169 | D:2      | Reached skill level 3 in Short Blades
  1348 | D:2      | Found an ornate altar of the Wu Jian Council.
  1358 | D:2      | Became a worshipper of the Wu Jian Council
  1555 | D:3      | Found an ancient bone altar of Kikubaaqudgha.
  1565 | D:3      | Reached XP level 4. HP: 22/31 MP: 4/4
  1786 | D:3      | Gained mutation: You are resistant to hostile enchantments. (MR+) [potion of mutation]
  1913 | D:3      | Noticed Natasha
  1940 | D:3      | Noticed Jessica
  1951 | D:3      | Killed Jessica
  1951 | D:3      | Reached XP level 5. HP: 11/36 MP: 5/5
  1960 | D:3      | HP: 9/36 [poisoned by an adder]
  2089 | D:3      | HP: 6/36 [Natasha (8)]
  2090 | D:3      | HP: 2/36 [Natasha (4)]
  2095 | D:3      | Killed Natasha
  2095 | D:3      | Reached skill level 4 in Armour
  2095 | D:3      | Reached skill level 2 in Dodging
  2095 | D:3      | Reached skill level 4 in Shields
  2288 | D:3      | Noticed Natasha
  2318 | D:3      | Killed Natasha
  2318 | D:3      | Reached * piety under Wu Jian
  2467 | D:3      | Noticed Natasha
  2479 | D:3      | Killed Natasha
  2479 | D:3      | Reached XP level 6. HP: 37/42 MP: 6/6
  2652 | D:4      | Noticed mhoghedin's ghost (amateur HaMo)
  2666 | D:4      | Killed mhoghedin's ghost
  2666 | D:4      | Reached skill level 4 in Short Blades
  2666 | D:4      | Reached XP level 7. HP: 24/47 MP: 7/7
  2899 | D:4      | Noticed Robin
  2914 | D:4      | Killed Robin
  2914 | D:4      | Reached skill level 3 in Dodging
  2921 | D:5      | Entered Level 5 of the Dungeon
  2921 | D:5      | Found Axtys's General Store.
  2921 | D:5      | Found Doku's Gadget Shop.
  3449 | D:4      | Found a runed door.
  3804 | D:4      | Noticed Crazy Yiuf
  3816 | D:4      | Killed Crazy Yiuf
  3816 | D:4      | Reached skill level 4 in Fighting
  3883 | D:5      | Found Gyrisuk's Antique Armour Shop.
  3970 | D:5      | Found Toucridgh's Armour Shop.
  4027 | D:5      | Reached skill level 5 in Shields
  4045 | D:5      | Found a sacrificial altar of Ru.
  4074 | D:5      | Reached skill level 5 in Armour
  4115 | D:5      | Found a hazy altar of Hepliaklqana.
  4220 | D:5      | HP: 12/48 [poisoned by a scorpion]
  4225 | D:5      | HP: 9/48 [poisoned by a scorpion]
  4230 | D:5      | HP: 7/48 [poisoned by a scorpion]
  4235 | D:5      | HP: 6/48 [poisoned by a scorpion]
  4242 | D:5      | HP: 5/48 [poisoned by a scorpion]
  4250 | D:5      | HP: 4/48 [poisoned by a scorpion]
  4565 | D:5      | Reached skill level 5 in Short Blades
  4565 | D:5      | Reached XP level 8. HP: 53/54 MP: 8/8
  4804 | D:5      | Found an ornate altar of the Wu Jian Council.
  4963 | D:5      | Found a staircase to the Ecumenical Temple.
  5121 | D:6      | Reached skill level 4 in Dodging
  5149 | D:6      | Noticed a dagger
  5149 | D:6      | Noticed a hand axe
  5152 | D:6      | Found a hide-covered altar of Uskayaw.
  5226 | D:6      | Reached ** piety under Wu Jian
  5700 | D:6      | Found an iron altar of Okawaru.
  5853 | D:6      | Reached skill level 6 in Short Blades
  5945 | D:7      | Reached skill level 5 in Fighting
  5945 | D:7      | Reached skill level 6 in Armour
  5945 | D:7      | Reached skill level 6 in Shields
  5945 | D:7      | Reached XP level 9. HP: 61/61 MP: 9/9
  6164 | D:7      | Reached skill level 5 in Dodging
  6197 | D:7      | Noticed a two-headed ogre
  6223 | D:7      | Killed a two-headed ogre
  6223 | D:7      | Reached skill level 7 in Short Blades
  6412 | D:7      | Noticed a deep elf mage
  6416 | D:7      | Noticed a demonic crawler
  6423 | D:7      | Killed a deep elf mage
  6423 | D:7      | Reached skill level 7 in Armour
  6423 | D:7      | Reached skill level 6 in Dodging
  6423 | D:7      | Reached skill level 7 in Shields
  6423 | D:7      | Reached XP level 10. HP: 68/68 MP: 10/10
  6466 | D:7      | Identified a +1 pair of boots of running (You found it on level 7 of the Dungeon)
  6656 | D:7      | Found a sparkling altar of Nemelex Xobeh.
  6774 | D:7      | Reached skill level 6 in Fighting
  6850 | D:8      | Noticed Grum
  7010 | D:8      | Noticed Pikel
  7048 | D:8      | Killed Pikel
  7093 | D:7      | Reached skill level 8 in Short Blades
  7274 | D:8      | Found a white marble altar of Elyvilon.
  7366 | D:8      | Found a staircase to the Lair.
  7384 | D:8      | Noticed Erica
  7456 | D:8      | Reached skill level 7 in Dodging
  7475 | D:8      | Killed Erica
  7475 | D:8      | Reached skill level 8 in Armour
  7475 | D:8      | Reached skill level 8 in Shields
  7498 | D:8      | Reached *** piety under Wu Jian
  7544 | D:8      | Found a glowing silver altar of Zin.
  7654 | D:8      | Found an opulent altar of Gozag.
  7667 | D:8      | Found a snail-covered altar of Cheibriados.
  7741 | D:8      | Reached skill level 1 in Long Blades
  7753 | D:8      | Killed Grum
  7764 | D:8      | Reached skill level 7 in Fighting
  7773 | D:8      | Reached XP level 11. HP: 41/75 MP: 11/11
  8009 | D:8      | Noticed a manticore
  8012 | D:8      | a manticore changed into a snapping turtle
  8601 | Lair:1   | Entered Level 1 of the Lair of Beasts
  8645 | Lair:1   | Reached skill level 2 in Long Blades
  8694 | Lair:1   | Reached skill level 8 in Dodging
  9023 | Lair:1   | Reached skill level 3 in Long Blades
  9027 | Lair:1   | Reached skill level 9 in Shields
  9075 | Lair:1   | Reached skill level 9 in Armour
  9193 | Lair:1   | Noticed a five-headed hydra
  9200 | Lair:1   | Killed a one-headed hydra
  9341 | D:5      | Bought the cursed +1 chain mail of Zoegod {-Cast rF++ Dex+7} for 503 gold pieces
  9743 | Lair:1   | Reached **** piety under Wu Jian
  9944 | Lair:1   | Reached skill level 4 in Long Blades
 10187 | Lair:2   | Reached skill level 8 in Fighting
 10275 | Lair:2   | Noticed an elephant
 10275 | Lair:2   | Noticed an elephant
 10289 | Lair:2   | Noticed an elephant
 10299 | Lair:2   | Killed an elephant
 10299 | Lair:2   | Reached XP level 12. HP: 72/82 MP: 12/12
 10307 | Lair:2   | Reached skill level 9 in Dodging
 10792 | Lair:2   | Reached skill level 1 in Evocations
 10814 | Lair:2   | Reached skill level 2 in Evocations
 10971 | Lair:2   | Reached skill level 3 in Evocations
 11232 | Lair:3   | Reached skill level 4 in Evocations
 11295 | Lair:3   | Found a hole to the Spider Nest.
 11299 | Lair:3   | Reached skill level 5 in Evocations
 11593 | Lair:3   | Noticed a seven-headed hydra
 11605 | Lair:3   | Killed a one-headed hydra
 11605 | Lair:3   | Reached skill level 6 in Evocations
 11936 | Lair:3   | Reached skill level 7 in Evocations
 11968 | Lair:3   | Reached skill level 8 in Evocations
 11968 | Lair:3   | HP: 19/84 [elephant (13)]
 11984 | Lair:3   | Reached XP level 13. HP: 75/89 MP: 19/19
 12009 | Lair:3   | Reached skill level 9 in Evocations
 12037 | Lair:3   | Reached skill level 5 in Long Blades
 12148 | Lair:3   | Reached ***** piety under Wu Jian
 12341 | Lair:3   | Found a staircase to the Shoals.
 12951 | Lair:4   | Reached skill level 6 in Long Blades
 13763 | Lair:5   | Reached skill level 10 in Dodging
 13785 | Lair:5   | Noticed a four-headed hydra
 13802 | Lair:5   | Killed a one-headed hydra
 13825 | Lair:5   | Reached skill level 7 in Long Blades
 14164 | Lair:5   | Noticed Urug
 14178 | Lair:5   | Killed Urug
 14706 | Lair:5   | Noticed Josephine
 14729 | Lair:5   | Killed Josephine
 14913 | Lair:6   | Entered Level 6 of the Lair of Beasts
 14927 | Lair:6   | Reached skill level 11 in Dodging
 15023 | Lair:6   | Reached skill level 8 in Long Blades
 15306 | Lair:6   | Noticed a four-headed hydra
 15312 | Lair:6   | Killed a one-headed hydra
 15442 | Lair:6   | Found a staircase to the Slime Pits.
 15540 | Lair:6   | Reached XP level 14. HP: 46/95 MP: 11/21
 15865 | Lair:6   | Reached skill level 9 in Long Blades
 16328 | Lair:6   | Noticed a dire elephant
 16328 | Lair:6   | Noticed a dire elephant
 16336 | Lair:6   | Killed a dire elephant
 16336 | Lair:6   | Reached skill level 12 in Dodging
 16342 | Lair:6   | Killed a dire elephant
 16352 | Lair:6   | Got a pair of steaming gloves
 16360 | Lair:6   | Identified the +1 pair of gloves of Usoenusi {+Blink rPois} (You found it on level 6 of the Lair of Beasts)
 16403 | Lair:6   | Noticed a dire elephant
 16406 | Lair:6   | Noticed a dire elephant
 16422 | Lair:6   | HP: 3/95 [dire elephant (21)]
 16572 | Lair:6   | Noticed a dire elephant
 16705 | Lair:5   | Reached skill level 10 in Shields
 16942 | Lair:6   | Killed a dire elephant
 16942 | Lair:6   | Reached skill level 10 in Armour
 17120 | Lair:6   | Noticed a dire elephant
 17142 | Lair:6   | Killed a dire elephant
 17307 | D:5      | Bought a lightning rod (4/4) for 400 gold pieces
 17511 | Lair:6   | Killed a dire elephant
 17709 | D:9      | Found a basalt altar of Yredelemnul.
 17915 | D:9      | Found a transporter.
 17917 | D:9      | Found a viscous altar of Jiyva.
 18039 | D:9      | Found a stormy altar of Qazlal.
 18108 | D:9      | Found a transporter.
 18547 | D:10     | Entered Level 10 of the Dungeon
 18550 | D:10     | Noticed Snorg
 18556 | D:10     | Killed Snorg
 18576 | D:10     | HP: 21/95 [something (4)]
 18581 | D:10     | HP: 17/95 [something (5)]
 18945 | D:10     | Noticed Joseph
 18946 | D:10     | Noticed Joseph
 18946 | D:10     | Joseph changed into Joseph the rime drake
 18949 | D:10     | Killed Joseph the rime drake
 18955 | D:10     | Found a flagged portal.
 18965 | Bailey   | Entered a bailey
 19135 | Bailey   | Reached skill level 10 in Long Blades
 19491 | D:10     | Found a deep blue altar of Sif Muna.
 19561 | D:10     | Reached skill level 9 in Fighting
 19664 | D:10     | Found a staircase to the Orcish Mines.
 19986 | D:10     | Noticed Fannar
 20017 | D:10     | Killed Fannar
 20485 | D:11     | Found an ornate altar of the Wu Jian Council.
 20628 | D:11     | Reached XP level 15. HP: 97/101 MP: 20/22
 21207 | D:12     | Reached skill level 10 in Evocations
 21296 | D:12     | Found an ancient bone altar of Kikubaaqudgha.
 21491 | D:12     | Reached skill level 11 in Shields
 21729 | D:12     | Reached skill level 13 in Dodging
 21751 | D:12     | Got an ichor-stained scimitar {slice}
 21752 | D:12     | Identified the +9 scimitar of the Ring {slice, rPois rF- rC+ SInv} (You took it off an orc on level 12 of the Dungeon)
 22125 | D:12     | Found a portal to a secret trove of treasure.
 22150 | D:12     | You paid a toll of 17 scrolls of teleportation to enter a treasure trove
 22151 | Trove    | Entered a treasure trove
 22173 | Trove    | Got a bound bone amulet
 22191 | Trove    | Got a smoking lapis lazuli ring
 22218 | Trove    | Identified the ring of Useudghiq {+Fly rPois Int-5 SInv} (You found it in a treasure trove)
 22219 | Trove    | Identified the amulet of Muqam {Acrobat rF++} (You found it in a treasure trove)
 22235 | Trove    | Got a brightly glowing ivory ring
 22253 | Trove    | Got a spiked plate armour
 22254 | Trove    | Identified the cursed +0 plate armour of a Million Spreadsheets {rPois} (You found it in a treasure trove)
 22265 | Trove    | Got a pitted helmet
 22276 | Trove    | Identified the +2 helmet of Insurance {rC+} (You found it in a treasure trove)
 22304 | Trove    | Identified the ring of Knowledge {Wiz rElec} (You found it in a treasure trove)
 22328 | Trove    | Got a crystal dagger
 22329 | Trove    | Identified the +9 dagger of Conscience {flame, rElec} (You found it in a treasure trove)
 22360 | Trove    | Identified the cursed +1 triple crossbow of Huips {venom, rF+} (You found it in a treasure trove)
 22490 | D:13     | Reached skill level 11 in Armour
 22500 | D:13     | Reached skill level 10 in Fighting
 22513 | D:13     | Found a sacrificial altar of Ru.
 22959 | D:13     | Found a gate to the Vaults.
 23172 | D:14     | Reached ****** piety under Wu Jian
 23217 | D:14     | Found Mut Damaexo's Magic Scroll Shop.
 23439 | D:14     | Found a labyrinth entrance.
 23492 | D:14     | Found a bloodstained altar of Trog.
 24053 | D:14     | Reached skill level 11 in Long Blades
 24211 | D:15     | Entered Level 15 of the Dungeon
 24988 | Lair:6   | Got an encrusted fustibalus
 24989 | Lair:6   | Identified the +6 fustibalus of Peril {freeze, rF+ Int+2 Dex+2 Stlth-} (You found it on level 6 of the Lair of Beasts)
 25813 | Spider:1 | Entered Level 1 of the Spider Nest
 25821 | Spider:1 | Reached XP level 16. HP: 111/111 MP: 23/23
 25823 | Spider:1 | Reached skill level 1 in Slings
 26032 | Spider:1 | Reached skill level 11 in Fighting
 26057 | Spider:1 | Reached skill level 2 in Slings
 26151 | Spider:1 | Reached skill level 3 in Slings
 26304 | Spider:1 | Reached skill level 4 in Slings
 26398 | Spider:1 | Reached skill level 5 in Slings
 26591 | Spider:1 | Reached skill level 12 in Fighting
 26651 | Spider:1 | Reached skill level 6 in Slings
 27014 | Spider:1 | Got a crystal rapier
 27015 | Spider:1 | Identified the +1 rapier "Midif" {holy, +Rage Dex-4 Stlth+} (You found it on level 1 of the Spider Nest)
 27445 | Spider:1 | Reached skill level 7 in Slings
 27822 | Spider:2 | Reached skill level 9 in Short Blades
 28291 | Spider:2 | Reached skill level 8 in Slings
 28369 | Spider:2 | Got a smoking short sword
 28370 | Spider:2 | Identified the +7 short sword "Kuudghov" {flame, rF+ Dex+3} (You found it on level 2 of the Spider Nest)
 28469 | Spider:2 | Reached skill level 13 in Fighting
 28635 | Spider:2 | Reached skill level 9 in Slings
 29056 | Spider:3 | Reached skill level 12 in Long Blades
 29063 | Spider:3 | Reached XP level 17. HP: 123/123 MP: 24/24
 29183 | Spider:3 | Reached skill level 10 in Slings
 29568 | Spider:3 | Reached skill level 14 in Fighting
 29856 | Spider:3 | Reached skill level 11 in Slings
 30137 | Spider:3 | Found the +2 robe of Vines {NoPotionHeal Regen+7}
 30316 | Spider:4 | Entered Level 4 of the Spider Nest
 30343 | Spider:4 | Noticed Arachne
 30359 | Spider:3 | HP: 27/126 [Arachne/staff of poison (17)]
 30360 | Spider:3 | HP: 12/126 [hornet (4)]
 30360 | Spider:3 | Paralysed by a hornet for 1 turns
 30360 | Spider:3 | Slain by a redback

Vault maps used:
D:1:      matt_arrival_los_fun
D:2:      lemuel_coloured_pillars_altar, palyth_stone_intersect
D:3:      lemuel_round_altar, first_ration, uniq_natasha, uniq_jessica
D:4:      uniq_crazy_yiuf_cottage, uniq_robin
D:5:      kennysheep_six_static_rooms, lemuel_crystal_altar, old_standard_altar,
          minmay_temple_entry_poolview, basic_altar, minmay_shop_grid_forest
D:6:      led_sif_pool, dancing_weapons_uskayaw, overflow_temple_1_default
D:7:      minmay_flawed_box, kennysheep_little_box, guppyfry_early_elven_hall
D:8:      kennysheep_kobold_camp, kennysheep_mini, old_standard_altar,
          grunt_temple_overflow_open, lair_entry_dummy, minmay_misc_feat_room,
          uniq_pikel, uniq_erica, uniq_grum
D:9:      gammafunk_jiyva_shrine, nicolae_overflow_crystal_walls,
          nicolae_qazlal_general_emergency, grunt_ogre_cave
D:10:     hiddenorc1_lemuel, enter_bailey_2, basic_altar, uniq_snorg,
          uniq_joseph, uniq_fannar
D:11:     basic_altar, serial_glass, glass_columns_a, glass_columns_a,
          glass_columns_c, glass_columns_b, glass_columns_a, glass_columns_a,
          glass_columns_b, glass_columns_b, feat_on_display
D:12:     basic_altar, enter_trove_1
D:13:     grunt_vaults_entry_tiered, minmay_misc_feat_roman,
          hangedman_ru_absence
D:14:     serial_shops, shop, lab_entry_generic, lemuel_statue_altar,
          kennysheep_small_circle
D:15:     grunt_enter_depths_magical_seal, argonaut_gorgonesque
Lair:1:   beast_lair_carwin_large_4
Lair:2:   infiniplex_staircase_pool_2
Lair:3:   elwin_shoals_entry_rooms, nicolae_spider_entry_orb_guardian
Lair:5:   kennysheep_catoblepas_arena, uniq_josephine, uniq_urug
Lair:6:   due_jungle_book, nicolae_slime_entry_slimehenge
Spider:1: hangedman_spider_tarantella_strand
Spider:3: minivault_29
Spider:4: johnstein_spider_rune_arachne_lair, uniq_bai_suzhen
Trove:    trove_dig
Bailey:   bailey_polearm_flooded_kennysheep, bailey

Skill      XL: |  1  2  3  4  5  6  7  8  9 10 11 12 13 14 15 16 17 |
---------------+----------------------------------------------------+-----
Dodging        | 1 2 3 4 6 7 8 9 11 12 13 | 13.4
Fighting       | 3 4 5 7 8 9 10 13 14 | 14.4
Short Blades   | 3 4 5 6 7 8 9 |  9.0
Armour         | 4 5 6 7 8 9 10 11 | 11.6
Shields        | 4 5 6 7 8 9 10 11 | 11.6
Long Blades    | 1 4 8 10 11 12 | 12.7
Evocations     | 8 9 10 | 10.6
Slings         | 9 11 | 11.3

Action                   |  1- 3 |  4- 6 |  7- 9 | 10-12 | 13-15 | 16-18 || total
-------------------------+-------+-------+-------+-------+-------+-------++-------
Melee: Rapier            |    93 |    51 |    14 |       |       |       ||   158
       Dagger            |       |   101 |   568 |   283 |       |       ||   952
       Scimitar          |       |       |       |   534 |  1404 |   675 ||  2613
 Fire: Fustibalus        |       |       |       |       |       |    83 ||    83
Invok: Lunge             |     1 |     7 |    20 |    24 |   101 |    24 ||   177
       Whirlwind         |       |     2 |    94 |    22 |    90 |    52 ||   260
       Wall Jump         |       |       |     7 |    19 |    41 |    36 ||   103
       Serpent's Lash    |       |       |       |     6 |     2 |       ||     8
       Heavenly Storm    |       |       |       |       |     2 |     1 ||     3
 Abil: Evoke Blink       |       |       |       |       |     2 |       ||     2
Evoke: Wand              |       |       |     3 |    10 |    32 |    18 ||    63
       Lightning rod     |       |       |       |       |     6 |     5 ||    11
       Phantom mirror    |       |       |       |       |     1 |       ||     1
  Use: Scroll            |       |     5 |     7 |     8 |    26 |     8 ||    54
       Potion            |       |     5 |     3 |     8 |     4 |     1 ||    21
 Stab: Distracted        |       |       |       |     1 |     2 |       ||     3
       Invisible         |       |       |       |       |    10 |       ||    10
       Petrified         |       |       |       |       |     8 |       ||     8
  Eat: Chunk             |     1 |    10 |    13 |     6 |    11 |     1 ||    42
       Ration            |     1 |       |       |     1 |    11 |     4 ||    17
Armor: Scale mail        |    22 |    30 |   133 |    91 |       |       ||   276
       Skin              |       |       |    14 |    61 |       |       ||    75
       Chain mail        |       |       |       |   119 |   325 |   189 ||   633
       Robe              |       |       |       |       |       |    24 ||    24
Dodge: Dodged            |    29 |    48 |   176 |   353 |   842 |   568 ||  2016
Block: Shield            |    42 |    84 |   279 |   558 |  1082 |   807 ||  2852
       Rpst.: Scimitar   |       |       |       |    53 |   177 |    96 ||   326

Table legend:
 A = Spawn XP
 B = Non-spawn XP
 C = Spawn XP percentage of total XP
 D = Spawn monster count
 E = Non-spawn monster count
 F = Spawn count percentage of total count
 G = Total turns spent on level
                    A         B        C        D         E        F      G
               +---------+---------+-------+---------+---------+-------+---------
         Total |       0 |  178060 |   0.0 |       0 |     862 |   0.0 | 30360
               +---------+---------+-------+---------+---------+-------+---------
           D:1 |       0 |      26 |   0.0 |       0 |      16 |   0.0 |   614
           D:2 |       0 |      37 |   0.0 |       0 |      12 |   0.0 |   932
           D:3 |       0 |     220 |   0.0 |       0 |      27 |   0.0 |  1106
           D:4 |       0 |     396 |   0.0 |       0 |      20 |   0.0 |  1212
           D:5 |       0 |     434 |   0.0 |       0 |      21 |   0.0 |  1413
           D:6 |       0 |     794 |   0.0 |       0 |      13 |   0.0 |   796
           D:7 |       0 |    2495 |   0.0 |       0 |      28 |   0.0 |  1389
           D:8 |       0 |    3918 |   0.0 |       0 |      53 |   0.0 |  1616
           D:9 |       0 |    3605 |   0.0 |       0 |      19 |   0.0 |  1279
          D:10 |       0 |    5542 |   0.0 |       0 |      51 |   0.0 |  1107
          D:11 |       0 |    5114 |   0.0 |       0 |      33 |   0.0 |   835
          D:12 |       0 |   10012 |   0.0 |       0 |      57 |   0.0 |  1290
          D:13 |       0 |   12146 |   0.0 |       0 |      60 |   0.0 |   798
          D:14 |       0 |    8626 |   0.0 |       0 |      37 |   0.0 |   930
          D:15 |       0 |    1473 |   0.0 |       0 |       6 |   0.0 |   100
        Lair:1 |       0 |    6023 |   0.0 |       0 |      29 |   0.0 |  1547
        Lair:2 |       0 |    5644 |   0.0 |       0 |      28 |   0.0 |  1150
        Lair:3 |       0 |   12614 |   0.0 |       0 |      42 |   0.0 |  1823
        Lair:4 |       0 |     877 |   0.0 |       0 |       4 |   0.0 |  1138
        Lair:5 |       0 |    9527 |   0.0 |       0 |      29 |   0.0 |  1592
        Lair:6 |       0 |   17556 |   0.0 |       0 |      38 |   0.0 |  2556
      Spider:1 |       0 |   19804 |   0.0 |       0 |      52 |   0.0 |  1896
      Spider:2 |       0 |   21193 |   0.0 |       0 |      58 |   0.0 |  1244
      Spider:3 |       0 |   24165 |   0.0 |       0 |      87 |   0.0 |  1299
      Spider:4 |       0 |    4103 |   0.0 |       0 |      11 |   0.0 |    36
        Bailey |       0 |    1716 |   0.0 |       0 |      31 |   0.0 |   418
               +---------+---------+-------+---------+---------+-------+---------

Vault maps used:
D:1:      matt_arrival_los_fun
D:2:      lemuel_coloured_pillars_altar, palyth_stone_intersect
D:3:      lemuel_round_altar, first_ration, uniq_natasha, uniq_jessica
D:4:      uniq_crazy_yiuf_cottage, uniq_robin
D:5:      kennysheep_six_static_rooms, lemuel_crystal_altar, old_standard_altar,
          minmay_temple_entry_poolview, basic_altar, minmay_shop_grid_forest
D:6:      led_sif_pool, dancing_weapons_uskayaw, overflow_temple_1_default
D:7:      minmay_flawed_box, kennysheep_little_box, guppyfry_early_elven_hall
D:8:      kennysheep_kobold_camp, kennysheep_mini, old_standard_altar,
          grunt_temple_overflow_open, lair_entry_dummy, minmay_misc_feat_room,
          uniq_pikel, uniq_erica, uniq_grum
D:9:      gammafunk_jiyva_shrine, nicolae_overflow_crystal_walls,
          nicolae_qazlal_general_emergency, grunt_ogre_cave
D:10:     hiddenorc1_lemuel, enter_bailey_2, basic_altar, uniq_snorg,
          uniq_joseph, uniq_fannar
D:11:     basic_altar, serial_glass, glass_columns_a, glass_columns_a,
          glass_columns_c, glass_columns_b, glass_columns_a, glass_columns_a,
          glass_columns_b, glass_columns_b, feat_on_display
D:12:     basic_altar, enter_trove_1
D:13:     grunt_vaults_entry_tiered, minmay_misc_feat_roman,
          hangedman_ru_absence
D:14:     serial_shops, shop, lab_entry_generic, lemuel_statue_altar,
          kennysheep_small_circle
D:15:     grunt_enter_depths_magical_seal, argonaut_gorgonesque
Lair:1:   beast_lair_carwin_large_4
Lair:2:   infiniplex_staircase_pool_2
Lair:3:   elwin_shoals_entry_rooms, nicolae_spider_entry_orb_guardian
Lair:5:   kennysheep_catoblepas_arena, uniq_josephine, uniq_urug
Lair:6:   due_jungle_book, nicolae_slime_entry_slimehenge
Spider:1: hangedman_spider_tarantella_strand
Spider:3: minivault_29
Spider:4: johnstein_spider_rune_arachne_lair, uniq_bai_suzhen
Trove:    trove_dig
Bailey:   bailey_polearm_flooded_kennysheep, bailey

Table legend:
 A = Turns spent in this place as a percentage of turns spent in the entire game.
 B = Non-inter-level travel turns spent in this place as a percentage of non-inter-level travel turns spent in the entire game.
 C = Inter-level travel turns spent in this place as a percentage of turns spent in this place.
 D = Turns resting spent in this place as a percentage of non-inter-level travel turns spent in this place.
 E = Turns spent auto-exploring this place as a percentage of non-inter-level travel turns spent in this place.
 F = Non-inter-level travel turns spent in this place divided by the number of levels of this place that you've seen.
                   A       B       C       D       E      F
               +-------+-------+-------+-------+-------+----------------------
         Total | 100.0 | 100.0 |   9.0 |  26.6 |  46.7 | 1023.1
       Dungeon |  50.8 |  50.3 |   9.8 |  22.1 |  51.7 | 926.7
          Lair |  32.3 |  31.5 |  11.3 |  28.7 |  47.1 | 1449.7
   Spider Nest |  14.7 |  15.8 |   2.5 |  37.5 |  37.0 | 1090.8
         Trove |   0.8 |   0.9 |   0.0 |   0.0 |   0.0 | 244.0
        Bailey |   1.4 |   1.5 |   0.0 |  34.2 |   1.2 | 418.0
               +-------+-------+-------+-------+-------+----------------------

Table legend:
 A = Kills in this place as a percentage of kills in entire the game.
 B = Kills by you in this place as a percentage of kills by you in the entire game.
 C = Kills by friends in this place as a percentage of kills by friends in the entire game.
 D = Other kills in this place as a percentage of other kills in the entire game.
 E = Experience gained in this place as a percentage of experience gained in the entire game.
 F = Experience gained in this place divided by the number of levels of this place that you have seen.
                   A       B       C       D       E      F
               +-------+-------+-------+-------+-------+----------------------
         Total | 100.0 | 100.0 |   N/A | 100.0 | 100.0 | 6594.8
       Dungeon |  52.6 |  52.6 |   N/A |  50.0 |  30.8 | 3655.9
          Lair |  19.7 |  19.9 |   N/A |   0.0 |  29.3 | 8706.8
   Spider Nest |  24.1 |  23.9 |   N/A |  50.0 |  38.9 | 17316.2
        Bailey |   3.6 |   3.6 |   N/A |   0.0 |   1.0 | 1716.0
               +-------+-------+-------+-------+-------+----------------------
